 Dungeon Crawl Stone Soup version 0.31-a0-1338-gb567cfdca4 (webtiles) character file.

Game seed: 12355789216678601462

8862 Laraso the Basher (level 11, -7/105 HPs)
             Began as an Oni Monk on Dec 23, 2023.
             Was a High Priest of Zin.
             Mangled by a skyshark (11 damage)
             ... on level 2 of the Lair of Beasts.
             The game lasted 00:21:52 (10829 turns).

Laraso the Basher (Oni Monk)                       Turns: 10829, Time: 00:21:53

Health: -7/105     AC:  7    Str: 19    XL:     11   Next: 37%
Magic:  18/18      EV: 11    Int: 11    God:    Zin [*****.]
Gold:   526        SH:  0    Dex: 13    Spells: 16/18 levels left

rFire   . . .        a - +0 giant club
rCold   . . .        (shield currently unavailable)
rNeg    . . .        o - +0 robe
rPois   +            (helmet restricted)
rElec   .            (no cloak)
rCorr   .            (gloves unavailable)
SInv    .            (boots unavailable)
Will    +....        e - amulet of the acrobat
Stlth   +            h - +4 ring of protection
HPRegen 0.37/turn    p - ring of poison resistance
MPRegen 0.16/turn

%: acrobat
@: no status effects
A: drunken brawling, large, unfitting armour, horns 1, tough skin 1, double
potion healing
a: Renounce Religion, Recite, Vitalisation, Imprison, Sanctuary, Donate Gold


You were on level 2 of the Lair of Beasts.
You worshipped Zin.
Zin was extremely pleased with you.
You visited 2 branches of the dungeon, and saw 10 of its levels.
You also visited: Sewer and Ossuary.

You collected 610 gold pieces.
You spent 23 gold pieces at shops.
You donated 61 gold pieces to Zin.

Inventory:

Hand Weapons
 a - a +0 giant club (weapon)
Missiles
 t - a throwing net
Armour
 o - a +0 robe (worn)
Jewellery
 e - an amulet of the acrobat (around neck)
 h - a +4 ring of protection (left hand)
 p - a ring of poison resistance (right hand)
Wands
 u - a wand of flame (11)
 y - a wand of quicksilver (1)
 B - a wand of charming (5)
Scrolls
 c - a scroll of summoning
 g - a scroll of blinking
 i - 2 scrolls of enchant armour
 j - 2 scrolls of fear
 r - a scroll of silence
 s - a scroll of vulnerability
 v - 4 scrolls of fog
 w - 2 scrolls of identify
 D - a scroll of brand weapon {unknown}
Potions
 b - a potion of degeneration {unknown}
 f - 3 potions of brilliance
 k - 2 potions of might {unknown}
 l - 5 potions of curing
 m - a potion of heal wounds
 n - 2 potions of haste {unknown}
 q - a potion of enlightenment {unknown}
 x - 2 potions of invisibility {unknown}
 z - a potion of resistance {unknown}
 A - a potion of magic {unknown}
 C - a potion of berserk rage {unknown}
 E - a potion of cancellation {unknown}


   Skills:
 * Level 5.9 Fighting
 - Level 13.5 Maces & Flails
 - Level 2.0 Armour
 * Level 4.1 Dodging
 - Level 4.0 Spellcasting
 - Level 3.0 Translocations
 - Level 10.0 Invocations


You had 16 spell levels left.
You knew the following spells:

 Your Spells              Type           Power      Damage    Failure   Level
b - Blink                 Tloc           16%        N/A       11%         2

Your spell library contained the following spells:

 Spells                   Type           Power      Damage    Failure   Level
 Lesser Beckoning         Tloc           16%        N/A       11%         2
 Momentum Strike          Conj/Tloc      10%        3d8       19%         2
 Freeze                   Ice            8%         1d3       24%         1
 Frozen Ramparts          Ice            4%         1d1       56%         3
 Hailstorm                Conj/Ice       2%         3d5       56%         3
 Passage of Golubria      Tloc           8%         N/A       56%         4
 Leda's Liquefaction      Alch/Erth      1%         N/A       93%         4
 Petrify                  Alch/Erth      2%         N/A       93%         4
 Metabolic Englaciation   Hex/Ice        1%         N/A       100%        5
 Silence                  Hex/Air        1%         N/A       100%        5
 Lehudib's Crystal Spear  Conj/Erth      1%         10d2      100%        8


Dungeon Overview and Level Annotations

Branches:
Dungeon (8/15)             Temple (0/1) D:4            Lair (2/5) D:8
  Sewer (visited)         Ossuary (visited)
  Swamp: Lair:2-3    Shoals: Lair:2-3     Snake: Lair:2-3    Spider: Lair:2-3

Altars:
Ashenzari
Elyvilon
Gozag
Qazlal
Sif Muna
Wu Jian
Yredelemnul
Zin
The Shining One

Shops:
D:2 [   D:4 *[   D:5 =   D:6 *


Innate Abilities, Weirdness & Mutations

Whenever you drink a potion that restores your health or magic, you attack all enemies around you.
You are too large for most types of armour.
You have a pair of small horns on your head.
You have tough skin. (AC +1)
Whenever you drink a potion that restores your health or magic, it restores twice as much.


Message History

The blink frog croaks.
You thump the skyshark!
You headbutt the skyshark, but do no damage.
The skyshark is moderately wounded.
The skyshark bites you but does no damage.
The skyshark closely misses you. The skyshark barely misses you.
You barely miss the skyshark. Your headbutt misses the skyshark.
The skyshark is moderately wounded.
The blink frog blinks!
The skyshark closely misses you.
The skyshark tail-slaps you but does no damage.
The skyshark tail-slaps you.
You closely miss the skyshark. You headbutt the skyshark!
The skyshark is heavily wounded.
The blink frog hits you! The skyshark closely misses you.
The skyshark tail-slaps you! The skyshark barely misses you.
The blink frog blinks!
You barely miss the skyshark. Your headbutt misses the skyshark.
The skyshark is heavily wounded.
The skyshark closely misses you.
The skyshark tail-slaps you but does no damage.
The skyshark misses you.
You sock the skyshark!
The skyshark is severely wounded.
The skyshark bites you!
The skyshark tastes blood and grows stronger!
The skyshark tail-slaps you! The skyshark barely misses you.
You barely miss the skyshark.
The skyshark is severely wounded.
The skyshark bites you!
* * * LOW HITPOINT WARNING * * *
The skyshark enters a blood-rage!
The skyshark tail-slaps you.
* * * LOW HITPOINT WARNING * * *
The skyshark tail-slaps you.
* * * LOW HITPOINT WARNING * * *
You sock the skyshark!
The skyshark is severely wounded.
The skyshark bites you!!
* * * LOW HITPOINT WARNING * * *
The skyshark completely misses you. The skyshark tail-slaps you!
You die...

#.... ...##
##..P## .....#
#....# #....#
#..F.## #..
#.@..## . #..F
#.F...# #. ##.Y.
##...## ...
##..F# #....# #..
..... ##...#
#..##Y... #...###
#.....#.
#.....####.#.<..#
#.....##.......##
##P...#.....###F#


You could see a skyshark (berserk) and a blink frog.

Vanquished Creatures
  2 black mambas
  3 komodo dragons
  9 blink frogs (Lair:1)
  8 yaks
  A vampire (D:8)
  A wyvern (Lair:2)
  A basilisk (Lair:1)
  2 steam dragons
  An acid dragon (D:8)
  4 water moccasins
  4 ice beasts
  2 black bears
  9 wolves (Lair:1)
  2 phantoms
  A centaur (D:8)
  An elf zombie (Ossuary)
  A kobold brigand (D:8)
  9 bullfrogs
  A wight (D:8)
  A killer bee (D:8)
  2 jellies
  An electric eel (D:7)
  3 howler monkeys
  A centaur zombie (Ossuary)
  4 hounds
  A human zombie (Ossuary)
  An orc priest (D:7)
  6 iguanas
  Terence (D:2)
  2 orc wizards (D:3)
  2 mummies (Ossuary)
  5 gnolls
  13 adders
  2 river rats (D:5)
  A shadow imp (D:7)
  3 bombardier beetles
  2 ufetubi (D:6)
  2 worms
  2 dart slugs (D:3)
  12 orcs
  8 ball pythons
  8 endoplasms
  9 giant cockroaches
  3 goblins
  9 hobgoblins
  4 jackals (D:4)
  4 kobolds
  10 quokkas
  11 bats
  7 frilled lizards
  A goblin zombie (Ossuary)
  7 hobgoblin zombies (Ossuary)
  4 jackal zombies (Ossuary)
  11 kobold zombies (Ossuary)
  10 orc zombies (Ossuary)
  7 rats
242 creatures vanquished.

Vanquished Creatures (collateral kills)
  A killer bee (D:8)
  A howler monkey (D:8)
2 creatures vanquished.

Vanquished Creatures (others)
  2 killer bees (D:8)
  A shadow imp (D:8)
3 creatures vanquished.

Grand Total: 247 creatures vanquished

Notes
Turn   | Place    | Note
-------+----------+-------------------------------------------
     0 | D:1      | Laraso the Oni Monk began the quest for the Orb.
     0 | D:1      | Reached XP level 1. HP: 24/24 MP: 1/1
   216 | D:1      | Reached XP level 2. HP: 32/32 MP: 2/2
   355 | D:1      | Reached skill level 4 in Maces & Flails
   374 | D:1      | Found a faded altar of an unknown god.
   444 | D:1      | Reached XP level 3. HP: 39/39 MP: 3/3
   900 | D:2      | Noticed Terence
   912 | D:2      | Killed Terence
   986 | D:2      | Reached XP level 4. HP: 48/48 MP: 4/4
  1074 | D:2      | Reached skill level 5 in Maces & Flails
  1384 | D:2      | Found Gutoeceu's Armour Emporium.
  1884 | D:3      | Reached XP level 5. HP: 52/54 MP: 5/5
  2278 | D:3      | Found a white marble altar of Elyvilon.
  2292 | D:3      | Found a stormy altar of Qazlal.
  2295 | D:3      | Noticed a water elemental
  2295 | D:3      | Noticed an air elemental
  2295 | D:3      | Noticed a fire elemental
  2624 | D:3      | Reached skill level 6 in Maces & Flails
  2697 | D:4      | Found Zin's Purification Station.
  2697 | D:4      | Found a glowing silver altar of Zin.
  2698 | D:4      | Noticed a phantom
  2711 | D:4      | Killed a phantom
  2712 | D:4      | Reached XP level 6. HP: 54/62 MP: 6/6
  2732 | D:4      | Became a worshipper of Zin the Law-Giver
  2732 | D:4      | Reached * piety under Zin
  2732 | D:4      | Reached ** piety under Zin
  2748 | D:4      | Reached skill level 7 in Maces & Flails
  2748 | D:4      | Reached skill level 1 in Invocations
  2851 | D:4      | Found a broken altar of Ashenzari.
  2918 | D:4      | Learned a level 2 spell: Blink
  3147 | D:4      | Noticed an animated shadow dragon scales
  3149 | D:4      | Found Jourghesh's Armour Shoppe.
  3150 | D:4      | Noticed an animated crystal plate armour
  3204 | D:4      | Found a staircase to the Ecumenical Temple.
  3277 | D:4      | Reached *** piety under Zin
  3492 | D:5      | Entered Level 5 of the Dungeon
  3503 | D:5      | Found a glowing drain.
  3516 | D:5      | Reached XP level 7. HP: 59/70 MP: 8/8
  3608 | Sewer    | Entered a sewer
  3787 | Sewer    | Reached skill level 8 in Maces & Flails
  4215 | D:5      | Reached skill level 1 in Translocations
  4414 | D:5      | Reached XP level 8. HP: 71/78 MP: 10/10
  4886 | D:5      | Found Kuph's Jewellery Shoppe.
  5137 | D:6      | Reached skill level 9 in Maces & Flails
  5289 | D:6      | Found a shimmering blue altar of Sif Muna.
  5311 | D:6      | Reached skill level 5 in Invocations
  5377 | D:6      | Found a sand-covered staircase.
  5384 | Ossuary  | Entered an ossuary
  5495 | Ossuary  | Reached **** piety under Zin
  5738 | D:6      | Reached skill level 1 in Spellcasting
  5738 | D:6      | Reached XP level 9. HP: 75/84 MP: 13/13
  5776 | D:6      | Found Laixkog's General Store.
  6116 | D:7      | Reached ***** piety under Zin
  6147 | D:7      | Reached skill level 10 in Maces & Flails
  6183 | D:7      | Found an opulent altar of Gozag.
  6897 | D:7      | Identified the +1 robe of Dishonour {*Corrode Regen+ Dex+2}
  6979 | D:7      | Found an ornate altar of the Wu Jian Council.
  7266 | D:7      | Reached skill level 11 in Maces & Flails
  7339 | D:8      | Noticed a death yak
  7340 | D:8      | Noticed a death yak
  7340 | D:8      | Noticed a death yak
  7444 | D:8      | Found a staircase to the Lair.
  7513 | D:8      | Found a glowing golden altar of the Shining One.
  7515 | D:8      | Noticed an angel
  7531 | D:8      | Found a basalt altar of Yredelemnul.
  7533 | D:8      | Noticed a profane servitor
  7542 | D:8      | Reached XP level 10. HP: 91/92 MP: 16/16
  7747 | Lair:1   | Entered Level 1 of the Lair of Beasts
  7958 | Lair:1   | Reached skill level 12 in Maces & Flails
  8298 | D:6      | Bought a +0 giant club for 23 gold pieces
  8605 | D:7      | Reached skill level 13 in Maces & Flails
  9061 | Lair:1   | Reached XP level 11. HP: 58/100 MP: 18/18
  9067 | Lair:1   | Reached skill level 10 in Invocations
  9361 | Lair:1   | Reached skill level 1 in Armour
  9944 | Lair:2   | Noticed a death yak
  9951 | Lair:1   | Reached skill level 5 in Fighting
  9955 | Lair:2   | Noticed a death yak
 10109 | Lair:2   | Noticed a death yak
 10109 | Lair:2   | Noticed a skyshark
 10829 | Lair:2   | HP: 4/105 [skyshark (19)]
 10829 | Lair:2   | Mangled by a skyshark

Illustrated notes

Levels and vault maps discovered:
D:1:      psy_arrival_basics, layout_loops_ring,
          dreamdust_ecumenical_altar_grove, dreamdust_princess_corridor
D:2:      minmay_skewed_foursquare, layout_basic, serial_shops,
          nicolae_shop_rolling_square, uniq_terence
D:3:      layout_basic, general_overflow_altar, nicolae_qazlal_style_of_elements
D:4:      layout_gridville, mainiacjoe_overflow_surrounded_room, zin_purify,
          minmay_temple_entry_glassed_door, serial_shops,
          nicolae_shop_mannequins
D:5:      layout_gridville, cheibrodos_sewer_entry_sluice, serial_shops,
          kennysheep_mini
D:6:      layout_rooms, mainiacjoe_overflow_tiny_flanked,
          chequers_ossuary_entry_cave, serial_shops, nicolae_shop_behind_doors
D:7:      layout_loops_ring, grunt_gozag_statues,
          nicolae_wu_jian_immortal_techniques, serial_glass, glass_columns_a,
          glass_columns_c, glass_columns_a, glass_columns_b,
          kennysheep_cluttered_room, kennysheep_generic_room_16
D:8:      layout_cave_pools, grunt_temple_overflow_holy_war,
          mainiacjoe_overflow_alcove_4, dpeg_lair_monsters, st_stairs_8,
          minmay_circle_x
Lair:1:   layout_roguey, enter_volcano_4, chequers_serial_rivers_micro_b,
          serial_bayou_shore_b, serial_bayou_shore_b
Lair:2:   layout_hall_layers, shoals_dummy_entry,
          nicolae_spider_entry_non_spiders, grunt_megastairs_4

Skill      XL: |  1  2  3  4  5  6  7  8  9 10 11 |
---------------+----------------------------------+-----
Maces & Flails | 4 5 6 7 8 9 11 13 | 13.5
Invocations    | 1 3 5 7 9 10 | 10.0
Translocations | 1 3 |  3.0
Spellcasting   | 1 4 |  4.0
Armour         | 2 |  2.0
Dodging        | 4 |  4.1
Fighting       | 5 |  5.9

Action                     |  1- 3 |  4- 6 |  7- 9 | 10-12 || total
---------------------------+-------+-------+-------+-------++-------
  Melee: Mace              |    66 |   149 |   360 |       ||   575
         Headbutt          |    11 |    34 |   109 |    82 ||   236
         Flail             |       |       |    19 |   154 ||   173
         Giant club        |       |       |       |   138 ||   138
   Cast: Blink             |       |       |       |     3 ||     3
 Invoke: Recite            |       |       |     3 |     1 ||     4
  Evoke: Wand              |       |       |     7 |     5 ||    12
    Use: Scroll            |       |     8 |     9 |     3 ||    20
         Potion            |       |     1 |       |     2 ||     3
   Stab: Confused          |       |       |     1 |       ||     1
 Armour: Robe              |    42 |   102 |   323 |   228 ||   695
  Dodge: Dodged            |    51 |   106 |   282 |   160 ||   599

Table legend: (Time is in decaauts)
 A = Elapsed time spent in this place.
 B = Non-inter-level travel time spent in this place.
 C = Inter-level travel time spent in this place.
 D = Time resting spent in this place.
 E = Time spent auto-exploring this place.
 F = Levels seen in this place.
 G = Mean time per level.
                   A        B        C        D        E       F      G
               +--------+--------+--------+--------+--------+-----+--------+
         Total |  10805 |  10224 |    581 |   2070 |   5947 |  12 |  900.4 |
       Dungeon |   7861 |   7346 |    515 |   1216 |   4629 |   8 |  982.6 |
          Lair |   2454 |   2389 |     65 |    825 |   1154 |   2 | 1227.0 |
         Sewer |    241 |    241 |      0 |      0 |     80 |   1 |  241.0 |
       Ossuary |    248 |    248 |      0 |     29 |     84 |   1 |  248.0 |
               +--------+--------+--------+--------+--------+-----+--------+

Top non-repeatable levels by time:
  Lair:1: 1821 daAuts
     D:5: 1494 daAuts
     D:7: 1404 daAuts
     D:3: 1106 daAuts
     D:1: 870 daAuts
     D:4: 863 daAuts
     D:8: 752 daAuts
     D:6: 687 daAuts
     D:2: 683 daAuts
  Lair:2: 632 daAuts
 Ossuary: 248 daAuts
   Sewer: 241 daAuts
